 Dungeon Sprint DCSS version 0.24-a0-417-g1cce26a (webtiles) character file.

Game seed: 16459489917338053311

134 schets the Skirmisher (level 5, 0/94 HPs)
             Began as an Ogre Berserker on June 10, 2019.
             Was a Priest of Trog.
             Slain by a sky beast (5 damage)
             ... while paralysed by a floating eye
             ... in the Dungeon (Sprint VII: "The Pits") on June 11, 2019.
             The game lasted 00:01:12 (464 turns).

schets the Skirmisher (Ogre Berserker)               Turns: 464, Time: 00:01:12

Health: 0/94       AC:  3    Str: 27    XL:     5   Next: 17%
Magic:  5/5        EV:  1    Int:  8    God:    Trog [***...]
Gold:   0          SH:  0    Dex:  8    Spells: 4/4 levels left

rFire    . . .     SeeInvis .   n - +0 giant club
rCold    . . .     Gourm    .   (shield currently unavailable)
rNeg     . . .     Faith    .   b - +0 animal skin
rPois    .         Spirit   .   (helmet restricted)
rElec    .         Reflect  .   (no cloak)
rCorr    .         Harm     .   (gloves unavailable)
MR       .....     NoTele   +   (boots unavailable)
Stlth    ..........             (no amulet)
HPRegen  0.25/turn              (no ring)
MPRegen  0.09/turn              (no ring)

@: paralysed, berserking (expiring), drained
A: large, unfitting armour, tough skin 1
a: Berserk, Trog's Hand, Renounce Religion


You were in the Dungeon.
You worshipped Trog.
Trog was most pleased with you.
You were not hungry.

You visited 1 branch

Inventory:

Hand Weapons
 n - a +0 giant club (weapon)
Armour
 b - a +0 animal skin (worn)
Scrolls
 i - a scroll of blinking
 l - 3 scrolls of remove curse
 m - a scroll of summoning
Potions
 a - 2 potions of invisibility
 d - 6 potions of curing
 e - 6 potions of heal wounds
 f - a potion of haste
 g - 4 potions of magic
 h - 3 potions of berserk rage
Comestibles
 c - 8 rations


   Skills:
 * Level 7.9(6.9) Fighting
 * Level 5.5(4.5) Maces & Flails
 + Level 3.4(2.5) Throwing
 + Level 2.8(1.9) Armour
 + Level 4.3(3.4) Dodging


You had 4 spell levels left.
You didn't know any spells.
Your spell library was empty.

Dungeon Overview and Level Annotations

Branches:
Dungeon (1/1)

Altars:


Innate Abilities, Weirdness & Mutations

You are too large for most types of armour.
You have tough skin. (AC +1)


Message History

You feel less resistant to hostile enchantments.
Something completely misses you.
You miss something. Something hits you. Something shocks you.
Unknown command.
You closely miss something. Something hits you.
* * * LOW HITPOINT WARNING * * *
Something shocks you.
* * * LOW HITPOINT WARNING * * *
The floating eye gazes piercingly through you!
You suddenly lose the ability to move!
A sky beast appears from thin air!
Reactivating autopickup.
The sky beast hits you.
* * * LOW HITPOINT WARNING * * *
The sky beast shocks you.
* * * LOW HITPOINT WARNING * * *
The sky beast hits you.
* * * LOW HITPOINT WARNING * * *
The sky beast shocks you.
You die...

#######
##########+##......
#.?(.')))'.##......
##########.##......
#.@........)'......
#Y#####'#####......
#z#..#..#[[##......
#z#..'..#))#####'##
#G#..####))##......
#r#..#..#))##......
#.#..#..#..##......
#.##'#).#'###...<..
#.#........##......


You could see a sky beast, a porcupine, a floating eye and 2 wights.

Vanquished Creatures
  An ogre (D)
  A worker ant (D)
  A gnoll (D)
  2 ufetubi (D)
  An adder skeleton (D)
  A bat (D)
  A goblin (D)
  A hobgoblin (D)
  A ball python (D)
10 creatures vanquished.

Notes
Turn   | Place    | Note
-------+----------+-------------------------------------------
     0 | D        | schets the Ogre Berserker began the quest for the Orb.
     0 | D        | Reached XP level 1. HP: 24/24 MP: 1/1
    12 | D        | Reached skill level 1 in Throwing
    12 | D        | Reached skill level 1 in Armour
    12 | D        | Reached XP level 2. HP: 33/33 MP: 2/2
    67 | D        | Reached skill level 5 in Fighting
    79 | D        | Reached ** piety under Trog
   137 | D        | Reached XP level 3. HP: 44/44 MP: 3/3
   138 | D        | Reached skill level 6 in Fighting
   186 | D        | Noticed an ogre
   192 | D        | Killed an ogre
   192 | D        | Reached *** piety under Trog
   192 | D        | Reached skill level 7 in Fighting
   192 | D        | Reached skill level 5 in Maces & Flails
   192 | D        | Reached XP level 4. HP: 57/57 MP: 4/4
   192 | D        | Reached XP level 5. HP: 63/63 MP: 5/5
   200 | D        | Reached **** piety under Trog
   434 | D        | Noticed a sky beast
   435 | D        | Noticed a floating eye
   435 | D        | Noticed a porcupine
   436 | D        | Paralysed by a floating eye for 3 turns
   443 | D        | Paralysed by a floating eye for 2 turns
   456 | D        | Paralysed by a floating eye for 2 turns
   462 | D        | Paralysed by a floating eye for 4 turns
   464 | D        | Slain by a sky beast

Levels and vault maps discovered:
D:        pitsprint [storerooms_1, entrance_room_1, metal_vault_3, armoury_1,
          mini_pit_1, grid_room_1, main_hall_1, silver_pit, the_coven_2,
          the_vestibule_1, steel_vault_2, golden_pit, hallway_of_sentries,
          crystal_vault_3, iron_vault_4, final_vault]

Skill      XL: |  1  2  3 |
---------------+----------+-----
Maces & Flails | 3 4 5 |  5.5
Throwing       | 1 2 3 |  3.4
Armour         | 1 2 |  2.8
Dodging        | 3 4 |  4.3
Fighting       | 5 7 |  7.9

Action                   |  1- 3 |  4- 6 || total
-------------------------+-------+-------++-------
Melee: Mace              |    24 |     7 ||    31
       Giant club        |       |     5 ||     5
Invok: Berserk           |     3 |     1 ||     4
       Trog's Hand       |       |     1 ||     1
       Brothers in Arms  |       |     1 ||     1
  Eat: Ration            |       |     1 ||     1
       Chunk             |       |     1 ||     1
Armor: Animal skin       |    14 |     3 ||    17
Dodge: Dodged            |    27 |     5 ||    32

Table legend:
 A = Non-vault XP
 B = Vault XP
 C = Vault XP percentage of total XP
 D = Non-vault monster count
 E = Vault monster count
 F = Vault count percentage of total count
                 A         B        C        D         E       F
            +---------+---------+-------+---------+---------+-------
      Total |       0 |     192 | 100.0 |       0 |      10 | 100.0
            +---------+---------+-------+---------+---------+-------
          D |       0 |     192 | 100.0 |       0 |      10 | 100.0
            +---------+---------+-------+---------+---------+-------
